 Dungeon Crawl Stone Soup version 0.28.0-49-g6dfe1f597d (webtiles) character file.

Game seed: 8545605307681044437

64 Gabide the Poker (level 3, -2/29 HPs)
             Began as a Mummy Monk on May 13, 2022.
             Slain by Crazy Yiuf
             ... wielding a +3 quarterstaff of chaos
              (18 damage)
             ... on level 2 of the Dungeon.
             The game lasted 00:04:25 (3104 turns).

Gabide the Poker (Mummy Monk)                       Turns: 3104, Time: 00:04:26

Health: -2/29      AC:  3    Str: 16    XL:     3   Next: 91%
Magic:  0/3        EV: 12    Int:  9    God:
Gold:   118        SH:  0    Dex: 14    Spells: 2/2 levels left

rFire   x . .      SeeInvis .   a - +0 spear
rCold   + . .      Faith    .   (no shield)
rNeg    + + +      Spirit   .   b - +1 robe
rPois   ∞          Reflect  .   (no helmet)
rElec   .          Harm     .   (no cloak)
rCorr   .          Rampage  .   (no gloves)
Will    .....                   (no boots)
Stlth   ++........              (no amulet)
HPRegen 0.09/turn               (no ring)
MPRegen 0.08/turn               (no ring)

@: no status effects
A: cold resistance 1, negative energy resistance 3, torment resistance 2, heat
vulnerability 1, no potions
a: no special abilities


You were on level 2 of the Dungeon.
You visited 1 branch of the dungeon, and saw 2 of its levels.

You collected 118 gold pieces.

Inventory:

Hand Weapons
 a - a +0 spear (weapon)
Armour
 b - a +1 robe (worn)
Jewellery
 e - a ring of fire
Wands
 c - a wand of flame (25)
Scrolls
 d - a scroll of fear {unknown}
 f - a scroll of noise {unknown}


   Skills:
 - Level 3.0 Fighting
 + Level 4.0 Polearms
 - Level 2.4 Dodging
 - Level 1.5 Stealth


You had 2 spell levels left.
You didn't know any spells.
Your spell library was empty.

Dungeon Overview and Level Annotations

Branches:
Dungeon (2/15)

Altars:

Annotations:
D:2 Crazy Yiuf


Innate Abilities, Weirdness & Mutations

You are immune to poison.
Your flesh is cold resistant. (rC+)
You are immune to negative energy. (rN+++)
You are immune to unholy pain and torment.
You are vulnerable to heat. (rF-)
You do not drink.


Message History

The fungus is lightly damaged.
You hit the fungus but do no damage. You punch the fungus.
The fungus is lightly damaged.
You hit the fungus.
The fungus is lightly damaged.
A nearby fungus withers and dies.
Found a mace.
Found a runed translucent door.
Crazy Yiuf shouts!
Crazy Yiuf screams, "Nubble!"
Crazy Yiuf says, "Buddy ladder forty-two!"
Press: ? - help, v - describe, . - travel
Here: Crazy Yiuf, wielding a +3 quarterstaff of chaos and wearing a +0 cloak (fire blocked by a runed translucent door)
The floor.
Unknown command.
Unknown command.
Unknown command.
Unknown command.
Unknown command.
Unknown command.
Crazy Yiuf sings, "Trees, trees, trees, circus!"
You open the door.
Crazy Yiuf yells, "Snurf sing-song action!"
You hit Crazy Yiuf.
Crazy Yiuf is lightly wounded.
Crazy Yiuf hits you with a +3 quarterstaff of chaos!
You hit Crazy Yiuf.
Crazy Yiuf is lightly wounded.
Crazy Yiuf closely misses you.
You hit Crazy Yiuf.
Crazy Yiuf is moderately wounded.
Crazy Yiuf hits you with a +3 quarterstaff of chaos.
You feel your power leaking away.
You hit Crazy Yiuf but do no damage.
Crazy Yiuf is moderately wounded.
Crazy Yiuf closely misses you.
You hit Crazy Yiuf.
Crazy Yiuf is heavily wounded.
Crazy Yiuf hits you with a +3 quarterstaff of chaos!!
Ouch! That really hurt!
You die...

.###..####.# ......#
#.# ####.## #.# # #.#
### # #.# #
#.#####♣♣♣♣♣
#.#...#P.♣.♣♣♣ ###
####......P..♣..♣#...#
#..........P♣♣♣♣@g...#
#.#.###..#.♣♣ ♣♣#..)#
....# ####♣♣ ###
..###### #......##
#...<...###
#.#....##.#
#)#....##.#
#.#....##.##


You could see Crazy Yiuf.

Vanquished Creatures
  2 adders
  A worm (D:2)
  5 endoplasms
  4 goblins
  7 hobgoblins
  3 quokkas
  2 ball pythons (D:2)
  3 bats
  4 frilled lizards (D:1)
  5 kobolds
  5 rats (D:1)
41 creatures vanquished.

Vanquished Creatures (others)
  A fungus (D:2)
  4 toadstools (D:1)
5 creatures vanquished.

Grand Total: 46 creatures vanquished

Notes
Turn   | Place    | Note
-------+----------+-------------------------------------------
     0 | D:1      | Gabide the Mummy Monk began the quest for the Orb.
     0 | D:1      | Reached XP level 1. HP: 18/18 MP: 1/1
   264 | D:1      | Reached skill level 3 in Polearms
   264 | D:1      | Reached XP level 2. HP: 15/24 MP: 2/2
  1490 | D:2      | Reached XP level 3. HP: 29/29 MP: 3/3
  2939 | D:2      | Reached skill level 4 in Polearms
  3093 | D:2      | Found a runed translucent door.
  3094 | D:2      | Noticed Crazy Yiuf
  3104 | D:2      | Slain by Crazy Yiuf

Illustrated notes

Levels and vault maps discovered:
D:1:      ldierk_walled_garden_2, layout_basic, corexii_leaking_fountain,
          minmay_bisected
D:2:      layout_rooms, columned_hall_lemuel, minmay_nonomino_d4,
          uniq_crazy_yiuf_cottage

Skill      XL: |  1  2  3 |
---------------+----------+-----
Polearms       | 3 4 |  4.0
Fighting       | |  3.0
Dodging        | |  2.4
Stealth        | |  1.5

Action                   || total
-------------------------++-------
Melee: Spear             ||   159
       Punch             ||     2
  Use: Scroll            ||     2
 Stab: Sleeping          ||     2
       Distracted        ||     1
Armor: Robe              ||    19
Dodge: Dodged            ||    65
